 Dungeon Crawl Stone Soup version 0.22.1-1-ga44c0e5 (webtiles) character file.

109 topirishpotato the Sneak (level 4, -1/28 HPs)
             Began as an Octopode Transmuter on Sept 27, 2018.
             Was an Initiate of Cheibriados.
             Killed by divine providence
             ... invoked by an orc priest
              (17 damage)
             ... on level 3 of the Dungeon.
             The game lasted 00:06:16 (2526 turns).

topirishpotato the Sneak (Octopode Transmuter)      Turns: 2526, Time: 00:06:17

Health: -1/28      AC:  1    Str: 11    XL:     4   Next: 89%
Magic:  16/16      EV: 13    Int: 16    God:    Cheibriados [......]
Gold:   106        SH:  0    Dex: 13    Spells: 1/7 levels left

rFire    + . .     SeeInvis .     - Unarmed
rCold    x . .     Gourm    .   (no shield)
rNeg     + . .     Faith    .   (helmet restricted)
rPois    .         Spirit   .   (no amulet)
rElec    .         Reflect  .   k - ring of positive energy
rCorr    .         Harm     .   l - ring of fire
MR       .....                  n - ring of magical power
Stlth    ++++......             (no ring)
HPRegen  0.09/turn              (no ring)
MPRegen  0.15/turn              (no ring)
                                (no ring)
                                (no ring)

@: slow
A: almost no armour, stealthy swim, amphibious, 8 rings, constrict 8, camouflage
1, gelatinous body 1
a: Bend Time, Renounce Religion


You were on level 3 of the Dungeon.
You worshipped Cheibriados.
Cheibriados was noncommittal.
You were near starving.

You visited 1 branch of the dungeon, and saw 3 of its levels.

You collected 106 gold pieces.

Inventory:

Hand Weapons
 o - a +0 blowgun
Missiles
 a - 12 arrows
 p - 28 poisoned needles
Jewellery
 k - a ring of positive energy (left tentacle)
 l - a ring of fire (right tentacle)
 n - a ring of magical power (on tentacle)
Scrolls
 b - a scroll of teleportation {unknown}
 f - a scroll of magic mapping {unknown}
 g - 3 scrolls of identify {unknown}
 i - a scroll of fear {unknown}
 j - a scroll of fog {unknown}
 m - a scroll of remove curse {unknown}
Potions
 d - a potion of resistance {unknown}
 e - a potion of lignification {unknown}
 h - 3 potions of curing {unknown}
Comestibles
 c - 8 rations


   Skills:
 - Level 1.0 Fighting
 - Level 2.0 Dodging
 + Level 6.3 Stealth
 - Level 3.0 Unarmed Combat
 - Level 2.0 Spellcasting
 - Level 2.0 Transmutations


You had one spell level left.
You knew the following spells:

 Your Spells              Type           Power        Failure   Level  Hunger
a - Beastly Appendage     Tmut           #.....       9%          1    #......
s - Sticks to Snakes      Tmut           #.......     14%         2    ###....
z - Spider Form           Tmut/Pois      #.........   38%         3    ###....

Your spell library contained the following spells:

 Spells                   Type           Power        Failure   Level  Hunger
 Ice Form                 Ice/Tmut       #.......     80%         4    #####..
 Blade Hands              Tmut           #.........   94%         5    ######.


Dungeon Overview and Level Annotations

Branches:
Dungeon (3/15)

Altars:
Cheibriados
Hepliaklqana
Kikubaaqudgha
Makhleb
Qazlal
Trog
Wu Jian


Innate Abilities, Weirdness & Mutations

You cannot wear most types of armour.
You are very stealthy in the water. (Stealth+)
You are amphibious.
You can wear up to eight rings at the same time.
You can use your tentacles to constrict eight enemies at once.
Your skin changes colour to match your surroundings (Stealth+).
Your rubbery body absorbs attacks. (AC +1, EV +1)


Message History

The ball python constricts you.
You tentacle-slap the ball python.
You kill the ball python!
Cheibriados appreciates the change of pace.
You tentacle-slap the orc but do no damage.
You grab the orc.
You constrict the orc, but do no damage.
The orc hits you with a hand axe.
You tentacle-slap the orc but do no damage.
You squeeze the orc, but do no damage.
You constrict the orc, but do no damage.
The orc priest begins to cast a cantrip, but forgets the words!
You tentacle-slap the orc but do no damage.
You constrict the orc, but do no damage.
The orc hits you with a hand axe!
You release your grip on the orc.
The orc misses you.
The orc priest mumbles some strange prayers to Beogh against you.
Beogh smites you!
Ouch! That really hurt!
You die...

#### ...# #... ...#
#... ...#
+...##############w..#
#......>......@orrog.+
....##[##....####[o.#
#.#.##.#...#.# ...#
#.#....#...#.# w..#
#...)#.#...#.# r###
#...<#.##+##.# o.
#.†#.#.. ..# ..
#...##.#.## ### ..
###. #...#


You could see a worm, an orc priest, 2 orcs, a hobgoblin and 2 rats.

Vanquished Creatures
  An orc priest (D:3)
  2 adders (D:2)
  3 worms
  A dart slug (D:1)
  3 orcs (D:2)
  5 bats
  2 giant cockroaches
  4 goblins
  4 hobgoblins (D:1)
  6 jackals
  4 kobolds
  A quokka (D:2)
  2 ball pythons
  2 frilled lizards (D:1)
  6 rats
46 creatures vanquished.

Notes
Turn   | Place    | Note
-------+----------+-------------------------------------------
     0 | D:1      | topirishpotato the Octopode Transmuter began the quest for
                  | the Orb.
     0 | D:1      | Reached XP level 1. HP: 13/13 MP: 3/3
    22 | D:1      | Reached skill level 1 in Stealth
   197 | D:1      | Reached skill level 2 in Stealth
   197 | D:1      | Reached XP level 2. HP: 18/18 MP: 5/5
   376 | D:1      | Reached skill level 3 in Stealth
   753 | D:1      | Reached XP level 3. HP: 22/23 MP: 6/6
  1009 | D:1      | Reached skill level 4 in Stealth
  1179 | D:2      | Found a faded altar of an unknown god.
  1186 | D:1      | Learned a level 3 spell: Spider Form
  1189 | D:1      | Learned a level 2 spell: Sticks to Snakes
  1497 | D:2      | Found a stormy altar of Qazlal.
  1620 | D:2      | Reached skill level 5 in Stealth
  1626 | D:2      | Reached XP level 4. HP: 16/28 MP: 5/7
  1815 | D:2      | Found a snail-covered altar of Cheibriados.
  1818 | D:2      | Found an ancient bone altar of Kikubaaqudgha.
  1819 | D:2      | Found a burning altar of Makhleb.
  1857 | D:2      | Found a hazy altar of Hepliaklqana.
  1859 | D:2      | Found a bloodstained altar of Trog.
  2123 | D:2      | Found an ornate altar of the Wu Jian Council.
  2363 | D:2      | Became a worshipper of Cheibriados the Contemplative
  2519 | D:3      | Reached skill level 6 in Stealth
  2526 | D:3      | Killed from afar by an orc priest

Skill      XL: |  1  2  3  4 |
---------------+-------------+-----
Stealth        | 2 3 5 6 |  6.3
Fighting       | |  1.0
Dodging        | |  2.0
Unarmed Combat | |  3.0
Spellcasting   | |  2.0
Transmutations | |  2.0

Action                   |  1- 3 |  4- 6 || total
-------------------------+-------+-------++-------
Melee: Unarmed           |    84 |    27 ||   111
       Constrict         |    17 |    10 ||    27
       Tentacles         |     4 |     5 ||     9
       Kick              |     6 |     2 ||     8
       Punch             |     2 |     1 ||     3
 Cast: Beastly Appendage |    10 |     2 ||    12
       Spider Form       |     1 |       ||     1
 Stab: Sleeping          |    10 |     6 ||    16
  Eat: Chunk             |     3 |     1 ||     4
Armor: Skin              |     3 |     3 ||     6
Dodge: Dodged            |    52 |    14 ||    66
